[Event "Nordic Chess-ch 2019"]
[Site "Sarpsborg"]
[Date "2019.06.25"]
[Round "7.14"]
[White "Tunsjo, Axel"]
[Black "Ernst, Thomas"]
[Result "0-1"]
[ECO "B26"]
[WhiteElo "2002"]
[BlackElo "2342"]
[Annotator "NA"]
[PlyCount "100"]
[EventDate "2019.06.21"]
[EventType "swiss"]
[EventCountry "NOR"]
[SourceTitle "playchess.com"]
[Source "ChessBase"]
[SourceQuality "1"]
[TimeControl "40/5400+30:1800+30"]

1. e4 c5 2. Nc3 Nc6 3. g3 g6 4. Bg2 Bg7 5. Nge2 d6 6. O-O e5 7. d3 Nge7 8. Be3 O-O 9. Qd2 Nd4 10. Rae1 Be6 11. f4 Qd7 12. Nd5 Nxd5 13. exd5 Bg4 14. Nc1 Rae8 15. c3 exf4 16. Rxf4 Nf5 17. Rxg4 Nxe3 18. Re4 Nxg2 19. Kxg2 Re5 20. Rxe5 dxe5 21. c4 f5 22. Qf2 f4 23. Nb3 b6 24. Nd2 fxg3 25. Qxg3 Bh6 26. Ne4 Bf4 27. Qh3 Qf5 28. Qxf5 gxf5 29. Ng3 Rf6 30. Kf3 Rh6 31. Nxf5 Rxh2 32. Rg1+ Kf7 33. Rg7+ Kf6 34. d6 Kxf5 35. d7 Rh3+ 36. Ke2 Re3+ 37. Kd2 e4 38. Rf7+ Kg6 39. dxe4 Rxe4+ 40. Kc3 Be5+ 41. Kb3 Rd4 42. d8=Q Rxd8 43. Rxa7 Rd2 44. a3 Rxb2+ 45. Ka4 Rf2 46. Rb7 Rf6 47. Kb5 h5 48. a4 h4 49. a5 bxa5 50. Kxc5 h3 0-1

[Event "Nordic Chess-ch 2019"]
[Site "Sarpsborg"]
[Date "2019.06.25"]
[Round "7.15"]
[White "Thorn, Eric"]
[Black "Hamre, Kenneth"]
[Result "0-1"]
[ECO "A30"]
[WhiteElo "2230"]
[BlackElo "2033"]
[Annotator "NA"]
[PlyCount "82"]
[EventDate "2019.06.21"]
[EventType "swiss"]
[EventCountry "NOR"]
[SourceTitle "playchess.com"]
[Source "ChessBase"]
[SourceQuality "1"]
[TimeControl "40/5400+30:1800+30"]

1. Nf3 c5 2. c4 Nf6 3. Nc3 b6 4. g3 Bb7 5. Bg2 e6 6. O-O Be7 7. d4 cxd4 8. Qxd4 O-O 9. Rd1 d6 10. Bg5 Nbd7 11. Nb5 d5 12. cxd5 Bxd5 13. Qf4 Rc8 14. Nc3 Rc4 15. e4 Bc6 16. Ne5 Nh5 17. Bxe7 Qxe7 18. Nxc6 Rxc6 19. Qd2 Ne5 20. f4 Nc4 21. Qe2 Nxb2 22. Nb5 Nxd1 23. Rxd1 e5 24. fxe5 Qxe5 25. Rd5 Qa1+ 26. Bf1 Nf6 27. Rg5 a6 28. e5 axb5 29. exf6 Qd4+ 30. Kg2 Rxf6 31. Rxb5 h6 32. Rb3 Rd8 33. Rd3 Qxd3 34. Qxd3 Rxd3 35. Bxd3 Rd6 36. Bc4 Rd4 37. Bb3 Rd2+ 38. Kh3 g5 39. g4 Kg7 40. Kg3 Rd3+ 41. Kf2 Kf6 0-1

[Event "Nordic Chess-ch 2019"]
[Site "Sarpsborg"]
[Date "2019.06.25"]
[Round "7.16"]
[White "Ptacnikova, Lenka"]
[Black "Schouten, Mathias Lind"]
[Result "0-1"]
[ECO "A36"]
[WhiteElo "2145"]
[BlackElo "1967"]
[Annotator "NA"]
[PlyCount "134"]
[EventDate "2019.06.21"]
[EventType "swiss"]
[EventCountry "NOR"]
[SourceTitle "playchess.com"]
[Source "ChessBase"]
[SourceQuality "1"]
[TimeControl "40/5400+30:1800+30"]

1. c4 c5 2. g3 Nc6 3. Bg2 g6 4. Nc3 Bg7 5. h4 h5 6. Nh3 e6 7. d3 Nge7 8. Nf4 O-O 9. Bd2 a6 10. Rb1 Rb8 11. O-O b5 12. b3 b4 13. Ne4 d6 14. e3 Qc7 15. Bc1 Rd8 16. Bb2 e5 17. Nd5 Nxd5 18. cxd5 Ne7 19. Nd2 Bb7 20. e4 Bc8 21. Nc4 Bd7 22. Kh2 Bb5 23. Bh3 Bxc4 24. dxc4 Kh7 25. f4 Ng8 26. f5 Qe7 27. Qe2 Rf8 28. Rf2 Nf6 29. Rbf1 Bh6 30. Bc1 Bxc1 31. Rxc1 Rh8 32. Rcf1 Rbf8 33. Qe3 Kg7 34. Kg2 a5 35. Kf3 Rh6 36. Kg2 Rhh8 37. fxg6 fxg6 38. Qg5 Rh6 39. Be6 Qd8 40. Rf3 Qe7 41. R1f2 Qd8 42. Kf1 Qe7 43. Ke2 Qd8 44. Kd3 Qe7 45. Rf1 Qd8 46. R3f2 Qe7 47. g4 Qd8 48. Ke2 Qe7 49. Kd3 Qd8 50. a3 bxa3 51. Kc2 a4 52. bxa4 Qb6 53. Qc1 Qb4 54. g5 Qxc4+ 55. Kd1 Qd3+ 56. Qd2 Qb1+ 57. Qc1 Qd3+ 58. Qd2 Qb1+ 59. Qc1 a2 60. gxh6+ Kh7 61. Rxa2 Qxa2 62. Qc2 Qa1+ 63. Ke2 Qd4 64. a5 Rb8 65. Rb1 Rxb1 66. Qxb1 Qc4+ 67. Ke3 Qc3+ 0-1

[Event "Nordic Chess-ch 2019"]
[Site "Sarpsborg"]
[Date "2019.06.25"]
[Round "7.17"]
[White "Sahl, Sheila Barth"]
[Black "Dingertz, Erik"]
[Result "1-0"]
[ECO "C50"]
[WhiteElo "2127"]
[BlackElo "1969"]
[Annotator "NA"]
[PlyCount "51"]
[EventDate "2019.06.21"]
[EventType "swiss"]
[EventCountry "NOR"]
[SourceTitle "playchess.com"]
[Source "ChessBase"]
[SourceQuality "1"]
[TimeControl "40/5400+30:1800+30"]

1. e4 e5 2. Nf3 Nc6 3. Bc4 Bc5 4. d3 Nf6 5. Nbd2 O-O 6. O-O Re8 7. c3 a6 8. b4 Bf8 9. Qb3 Re7 10. a4 d6 11. Re1 Be6 12. Bxe6 Rxe6 13. d4 exd4 14. cxd4 d5 15. e5 Ne4 16. Nxe4 dxe4 17. d5 Rg6 18. Rxe4 Nxb4 19. d6 a5 20. e6 fxe6 21. Rxe6 Rxe6 22. Qxe6+ Kh8 23. Ne5 Qf6 24. Nf7+ Kg8 25. Nh6+ Kh8 26. Qg8# 1-0

[Event "Nordic Chess-ch 2019"]
[Site "Sarpsborg"]
[Date "2019.06.25"]
[Round "7.18"]
[White "Tunge, Christian"]
[Black "Neretljak, Nedzad"]
[Result "1-0"]
[ECO "A20"]
[WhiteElo "2027"]
[BlackElo "2114"]
[Annotator "NA"]
[PlyCount "133"]
[EventDate "2019.06.21"]
[EventType "swiss"]
[EventCountry "NOR"]
[SourceTitle "playchess.com"]
[Source "ChessBase"]
[SourceQuality "1"]
[TimeControl "40/5400+30:1800+30"]

1. c4 e5 2. g3 c6 3. Nf3 e4 4. Nd4 d5 5. d3 Nf6 6. Nc3 c5 7. Nc2 e3 8. fxe3 h5 9. Nxd5 h4 10. Nxf6+ Qxf6 11. Bg2 hxg3 12. hxg3 Rxh1+ 13. Bxh1 Bd6 14. Kd2 Bxg3 15. Rb1 Nc6 16. Bxc6+ bxc6 17. Qh1 Rb8 18. Qh8+ Ke7 19. Qh5 g5 20. Qf3 Qd6 21. b3 Be5 22. Ba3 g4 23. Qf1 Ke8 24. d4 Bh2 25. Bxc5 Qg6 26. Qg2 g3 27. Rh1 Bf5 28. Rxh2 gxh2 29. Qxh2 Rb7 30. Nb4 a5 31. Qh8+ Kd7 32. Na6 Bb1 33. Qa8 Qc2+ 34. Ke1 Rb4 35. Qa7+ Ke6 36. Qe7+ Kf5 37. Qxf7+ Kg4 38. Qf4+ Kh5 39. Nxb4 axb4 40. Bxb4 Qc1+ 41. Kf2 Kg6 42. Be7 Qh1 43. Qf3 Qh2+ 44. Qg2+ Qxg2+ 45. Kxg2 Bxa2 46. b4 Bxc4 47. Kf3 Kf7 48. Bc5 Ke6 49. e4 Bb3 50. b5 cxb5 51. d5+ Ke5 52. Ke3 Bc2 53. Bd4+ Kd6 54. Kf4 b4 55. Kf5 Bb1 56. Bg7 b3 57. Bf8+ Kd7 58. Ba3 Bc2 59. Ke5 Bd1 60. e3 Bf3 61. Kd4 Bg2 62. e5 Bf3 63. e6+ Kc7 64. Ke5 Bg2 65. d6+ Kc6 66. d7 Kc7 67. Kf6 1-0

[Event "Nordic Chess-ch 2019"]
[Site "Sarpsborg"]
[Date "2019.06.25"]
[Round "7.19"]
[White "Jashari, Driton"]
[Black "Wahlund, Max"]
[Result "0-1"]
[ECO "D00"]
[WhiteElo "1755"]
[BlackElo "2103"]
[Annotator "NA"]
[PlyCount "58"]
[EventDate "2019.06.21"]
[EventType "swiss"]
[EventCountry "NOR"]
[SourceTitle "playchess.com"]
[Source "ChessBase"]
[SourceQuality "1"]
[TimeControl "40/5400+30:1800+30"]

1. d4 Nf6 2. Nf3 g6 3. Nc3 d5 4. e3 Bg7 5. Bd3 c5 6. dxc5 Qa5 7. Bb5+ Bd7 8. Bd3 Ne4 9. Bxe4 dxe4 10. Nd4 f5 11. O-O Qxc5 12. Nce2 Nc6 13. c3 e5 14. b4 Qe7 15. Nb5 O-O 16. a4 Be6 17. Ba3 Rfd8 18. Qc2 a6 19. Nbd4 exd4 20. exd4 Qf7 21. b5 axb5 22. axb5 Na5 23. Bc5 Nb3 24. Rxa8 Rxa8 25. h3 Bc4 26. Rb1 Nxc5 27. dxc5 Bd3 28. Qb2 Ra2 29. Qb4 Bxb1 0-1

[Event "Nordic Chess-ch 2019"]
[Site "Sarpsborg"]
[Date "2019.06.25"]
[Round "7.20"]
[White "Gonzalez, Francisco Silva"]
[Black "Stellas, Dimitrios"]
[Result "1-0"]
[ECO "D55"]
[WhiteElo "2095"]
[BlackElo "1976"]
[Annotator "NA"]
[PlyCount "105"]
[EventDate "2019.06.21"]
[EventType "swiss"]
[EventCountry "NOR"]
[SourceTitle "playchess.com"]
[Source "ChessBase"]
[SourceQuality "1"]
[TimeControl "40/5400+30:1800+30"]

1. d4 d5 2. c4 e6 3. Nc3 Nf6 4. Bg5 Be7 5. e3 O-O 6. Nf3 b6 7. Qc2 Bb7 8. Rd1 Nbd7 9. Bd3 dxc4 10. Bxc4 Nd5 11. h4 Nxc3 12. bxc3 Re8 13. e4 Nf8 14. Bb5 c6 15. Ba4 Qc7 16. h5 Bxg5 17. Nxg5 h6 18. Nf3 b5 19. Bb3 c5 20. Qe2 cxd4 21. cxd4 a5 22. O-O a4 23. Bc2 b4 24. Bd3 Red8 25. Rb1 Qa5 26. Qd2 Qxh5 27. Rxb4 Ba6 28. Bxa6 Rxa6 29. Qd3 Qa5 30. Rfb1 Ra7 31. Qc2 Ng6 32. e5 Nf4 33. Rb8 Rad7 34. R1b5 Qa7 35. Rxd8+ Rxd8 36. Qd2 g5 37. Ra5 Qb7 38. Rxa4 Qe4 39. Kh2 Rc8 40. Qe3 Qg6 41. Ng1 Qh5+ 42. Nh3 Nd5 43. Qg3 Rc3 44. f3 Ne3 45. Qe1 Nd5 46. Ra8+ Kg7 47. Rd8 Rc2 48. Qe4 Rxa2 49. Qb1 Re2 50. Qb8 Ne7 51. Rh8 Qxf3 52. Qf8+ Kg6 53. Rxh6+ 1-0

[Event "Nordic Chess-ch 2019"]
[Site "Sarpsborg"]
[Date "2019.06.25"]
[Round "7.21"]
[White "Kristiansen, Rune Harald"]
[Black "Fernandez, Juan Pablo"]
[Result "1/2-1/2"]
[ECO "A46"]
[WhiteElo "1849"]
[BlackElo "2066"]
[Annotator "NA"]
[PlyCount "97"]
[EventDate "2019.06.21"]
[EventType "swiss"]
[EventCountry "NOR"]
[SourceTitle "playchess.com"]
[Source "ChessBase"]
[SourceQuality "1"]
[TimeControl "40/5400+30:1800+30"]

1. d4 Nf6 2. Nf3 e6 3. Bg5 h6 4. Bh4 c5 5. e3 b6 6. c3 Bb7 7. Nbd2 Be7 8. Bd3 O-O 9. Bb1 d5 10. Bxf6 Bxf6 11. Qc2 Re8 12. Qh7+ Kf8 13. Bc2 Nd7 14. Ne5 Nxe5 15. dxe5 Bxe5 16. Ba4 Qc7 17. Bxe8 Rxe8 18. f4 Bf6 19. O-O d4 20. cxd4 cxd4 21. Rac1 Qd7 22. e4 e5 23. fxe5 Rxe5 24. Rxf6 gxf6 25. Qxh6+ Ke7 26. Qf4 Rc5 27. Rxc5 bxc5 28. h4 Qd6 29. Qxd6+ Kxd6 30. h5 Ke7 31. Kf2 Kf8 32. Kg3 c4 33. Nxc4 Bxe4 34. Nd2 Bd5 35. a3 Kg7 36. Nf3 Kh6 37. Nxd4 Kxh5 38. b4 Kg5 39. b5 f5 40. Nc6 f4+ 41. Kf2 Kf6 42. Nxa7 Ke5 43. a4 Kd6 44. a5 Kc5 45. a6 Kb6 46. Nc8+ Kxb5 47. a7 Ka6 48. a8=Q+ Bxa8 49. Nd6 1/2-1/2

[Event "Nordic Chess-ch 2019"]
[Site "Sarpsborg"]
[Date "2019.06.25"]
[Round "7.22"]
[White "Unneland, Mathias"]
[Black "Kreken, Eivind Grunt"]
[Result "1-0"]
[ECO "D83"]
[WhiteElo "1980"]
[BlackElo "1784"]
[Annotator "NA"]
[PlyCount "105"]
[EventDate "2019.06.21"]
[EventType "swiss"]
[EventCountry "NOR"]
[SourceTitle "playchess.com"]
[Source "ChessBase"]
[SourceQuality "1"]
[TimeControl "40/5400+30:1800+30"]

1. d4 Nf6 2. c4 g6 3. Nc3 d5 4. Bf4 Bg7 5. Rc1 O-O 6. e3 Be6 7. Qb3 c5 8. Qxb7 Qb6 9. Qxb6 axb6 10. Nf3 Nc6 11. Ne5 Rfc8 12. dxc5 Nxe5 13. cxb6 Rab8 14. Bxe5 Rxb6 15. Rc2 dxc4 16. Bd4 Rbb8 17. Be2 Bf5 18. Rd2 Ne4 19. Nxe4 Bxe4 20. f3 Bxd4 21. exd4 Bd5 22. Rc2 Ra8 23. a3 c3 24. bxc3 Rxa3 25. Kd2 Bc4 26. Bxc4 Rxc4 27. Rb1 Kg7 28. Kd3 Rc7 29. Rb4 Kf6 30. Rc4 Rb7 31. Ke4 e6 32. Rc6 Ke7 33. c4 f6 34. Rc8 g5 35. d5 exd5+ 36. Kxd5 Rd7+ 37. Ke4 Ke6 38. Rc6+ Ke7 39. f4 Rd6 40. Rxd6 Kxd6 41. fxg5 fxg5 42. Kf5 h6 43. Kg6 Ke5 44. Kxh6 Kf4 45. c5 Ra7 46. c6 Rc7 47. Rc4+ Kf5 48. Rc5+ Kf4 49. g3+ Kf3 50. Kxg5 Kg2 51. h4 Kxg3 52. Rc3+ Kf2 53. Kg6 1-0

[Event "Nordic Chess-ch 2019"]
[Site "Sarpsborg"]
[Date "2019.06.25"]
[Round "7.23"]
[White "Asbjornsen, Jakob"]
[Black "Stabbetorp, Jon Anders"]
[Result "1-0"]
[ECO "C54"]
[WhiteElo "1359"]
[BlackElo "1817"]
[Annotator "NA"]
[PlyCount "87"]
[EventDate "2019.06.21"]
[EventType "swiss"]
[EventCountry "NOR"]
[SourceTitle "playchess.com"]
[Source "ChessBase"]
[SourceQuality "1"]
[TimeControl "40/5400+30:1800+30"]

1. e4 e5 2. Nf3 Nc6 3. Bc4 Bc5 4. c3 Nf6 5. d3 a6 6. O-O d6 7. h3 Be6 8. Nbd2 Qd7 9. Qb3 O-O-O 10. Bxe6 fxe6 11. Nc4 h6 12. Be3 Bxe3 13. fxe3 g5 14. Nfxe5 dxe5 15. Rxf6 Qxd3 16. Rxe6 Qxe4 17. a4 b6 18. Nxb6+ cxb6 19. Qxb6 Kd7 20. Rxc6 Qxc6 21. Rd1+ Ke7 22. Qxc6 Rxd1+ 23. Kh2 Rd6 24. Qc7+ Ke6 25. Qg7 Rb8 26. Qxh6+ Kd7 27. Qg7+ Ke6 28. b4 Rc6 29. Qg6+ Kd7 30. Qf7+ Kc8 31. Qe8+ Kb7 32. Qxe5 Rbc8 33. Qxg5 Rxc3 34. Qe7+ R8c7 35. Qe4+ Ka7 36. Qd4+ Kb7 37. a5 R7c6 38. e4 R3c4 39. Qd7+ Rc7 40. Qd6 R7c6 41. Qf8 Rxe4 42. Qf7+ Kc8 43. Qg8+ Kd7 44. Qd5+ 1-0

[Event "Nordic Chess-ch 2019"]
[Site "Sarpsborg"]
[Date "2019.06.25"]
[Round "7.24"]
[White "Johansen, Kolbjorn-Albin"]
[Black "Skaar, Ben Samuel Groth"]
[Result "1-0"]
[ECO "D00"]
[WhiteElo "1690"]
[BlackElo "1362"]
[Annotator "NA"]
[PlyCount "75"]
[EventDate "2019.06.21"]
[EventType "swiss"]
[EventCountry "NOR"]
[SourceTitle "playchess.com"]
[Source "ChessBase"]
[SourceQuality "1"]
[TimeControl "40/5400+30:1800+30"]

1. d4 d5 2. Bf4 Nf6 3. e3 e6 4. Nd2 Be7 5. Bd3 Nbd7 6. h3 c5 7. c3 b6 8. Ngf3 Bb7 9. Qe2 h6 10. Ne5 Nxe5 11. Bxe5 O-O 12. O-O Bd6 13. Bxd6 Qxd6 14. f4 Rac8 15. Qf3 Rfe8 16. Rad1 Qd7 17. Qe2 c4 18. Bc2 Qb5 19. Rb1 Nd7 20. e4 dxe4 21. Bxe4 Bxe4 22. Nxe4 f6 23. Nd6 Qc6 24. Nxc8 Qxc8 25. Rbe1 e5 26. Qf3 exd4 27. Qd5+ Kh8 28. cxd4 Rxe1 29. Rxe1 Nf8 30. Qf7 Qd8 31. d5 b5 32. Kh1 Qb6 33. Qxf8+ Kh7 34. Qe7 Qf2 35. Qe4+ Kh8 36. Re2 Qf1+ 37. Kh2 Qc1 38. f5 1-0

[Event "Nordic Chess-ch 2019"]
[Site "Sarpsborg"]
[Date "2019.06.25"]
[Round "7.25"]
[White "Haggar, Haytham"]
[Black "Henriksen, Morgan"]
[Result "1/2-1/2"]
[ECO "D31"]
[WhiteElo "1309"]
[BlackElo "1717"]
[Annotator "NA"]
[PlyCount "154"]
[EventDate "2019.06.21"]
[EventType "swiss"]
[EventCountry "NOR"]
[SourceTitle "playchess.com"]
[Source "ChessBase"]
[SourceQuality "1"]
[TimeControl "40/5400+30:1800+30"]

1. d4 d5 2. c4 c6 3. e3 Nf6 4. Nc3 e6 5. Bd3 Nbd7 6. Nge2 dxc4 7. Bxc4 b5 8. Bd3 Bb7 9. f3 a6 10. O-O c5 11. b3 cxd4 12. Nxd4 Qc7 13. Bb2 Bc5 14. Qe2 O-O 15. Rac1 Qb6 16. Rfe1 Ne5 17. Bb1 Bxd4 18. exd4 Qxd4+ 19. Kh1 Ng6 20. Nxb5 Qb6 21. Na3 Rfd8 22. Nc4 Qb5 23. Red1 Bd5 24. Rd2 Qb7 25. Rdc2 Ne7 26. Ne5 Rac8 27. Rxc8 Rxc8 28. Rxc8+ Qxc8 29. Bd3 Bb7 30. Qd2 Ned5 31. Bc4 Qc5 32. Bd4 Qb4 33. Qxb4 Nxb4 34. a4 Nfd5 35. a5 g6 36. Nd7 h5 37. Nf6+ Nxf6 38. Bxf6 Kf8 39. Kg1 Nd5 40. Bd4 Ke7 41. Kf2 Kd6 42. g3 Nc7 43. f4 Bd5 44. Be5+ Kc6 45. Bxc7 Kxc7 46. Bxa6 Bxb3 47. Ke3 f6 48. Kd4 Kd6 49. Bb7 Kc7 50. a6 Kb6 51. h4 Bc2 52. Bc8 Bf5 53. Bb7 Bg4 54. Be4 Kxa6 55. Bxg6 Kb6 56. Be8 Kc7 57. Kc5 Kd8 58. Bc6 Ke7 59. Be4 Kd7 60. Kd4 Kd6 61. Ke3 e5 62. Bf3 exf4+ 63. Kxf4 Bxf3 64. Kxf3 Ke5 65. g4 hxg4+ 66. Kxg4 f5+ 67. Kg5 f4 68. h5 f3 69. h6 f2 70. h7 f1=Q 71. h8=Q+ Kd5 72. Qd8+ Ke4 73. Qe7+ Kf3 74. Qa3+ Kg2 75. Qb2+ Kg1 76. Qb6+ Qf2 77. Qxf2+ Kxf2 1/2-1/2

[Event "Nordic Chess-ch 2019"]
[Site "Sarpsborg"]
[Date "2019.06.25"]
[Round "7.26"]
[White "Berisha, Xhafer"]
[Black "Holand, Per Fredrik"]
[Result "1-0"]
[ECO "A85"]
[WhiteElo "1340"]
[BlackElo "1883"]
[Annotator "NA"]
[PlyCount "101"]
[EventDate "2019.06.21"]
[EventType "swiss"]
[EventCountry "NOR"]
[SourceTitle "playchess.com"]
[Source "ChessBase"]
[SourceQuality "1"]
[TimeControl "40/5400+30:1800+30"]

1. e3 g6 2. c4 Bg7 3. d4 f5 4. Nc3 Nf6 5. Bd3 O-O 6. Nge2 d6 7. f4 e5 8. fxe5 dxe5 9. O-O Nc6 10. d5 Ne7 11. Ng3 e4 12. Be2 Kh8 13. Rb1 Neg8 14. Nb5 a6 15. Nd4 Nh6 16. h3 Qd6 17. Qe1 c5 18. Nc2 a5 19. Na3 Bd7 20. Bd2 g5 21. Bc3 Rae8 22. Nb5 Bxb5 23. cxb5 f4 24. Nh5 Nxh5 25. Bxh5 Re7 26. Bxg7+ Kxg7 27. Qc3+ Rf6 28. exf4 gxf4 29. Rbe1 Qxd5 30. Rxf4 Qe5 31. Rfxe4 Qxe4 32. Rxe4 Rxe4 33. Qxc5 Ng8 34. Bf3 Re7 35. Bd5 b6 36. Qc4 Nh6 37. Qc3 Nf7 38. b4 axb4 39. Qxb4 Re5 40. Qc4 Re7 41. Qc8 Rg6 42. a4 Ra7 43. Qc3+ Kh6 44. Qd4 Nd6 45. Qxb6 Rxa4 46. Qe3+ Kg7 47. b6 Ra1+ 48. Kh2 Rb1 49. h4 h5 50. Qe7+ Kh6 51. b7 1-0

[Event "Nordic Chess-ch 2019"]
[Site "Sarpsborg"]
[Date "2019.06.25"]
[Round "7.27"]
[White "Kro, Andreas Fuskeland"]
[Black "Johansen, Torbjorn Reidar"]
[Result "1/2-1/2"]
[ECO "E61"]
[WhiteElo "1565"]
[BlackElo "1754"]
[Annotator "NA"]
[PlyCount "120"]
[EventDate "2019.06.21"]
[EventType "swiss"]
[EventCountry "NOR"]
[SourceTitle "playchess.com"]
[Source "ChessBase"]
[SourceQuality "1"]
[TimeControl "40/5400+30:1800+30"]

1. d4 Nf6 2. c4 d6 3. Nc3 g6 4. Nf3 Bg7 5. Bg5 Nbd7 6. e3 O-O 7. Be2 c5 8. O-O cxd4 9. exd4 h6 10. Bh4 Nh7 11. Bd3 f5 12. Qc2 Nb8 13. Rfe1 g5 14. Bg3 Nc6 15. a3 g4 16. d5 gxf3 17. dxc6 fxg2 18. c7 Qd7 19. c5 Ng5 20. Bb5 Qxc7 21. Qb3+ e6 22. Bxd6 Qf7 23. Ne2 Rd8 24. Nf4 Kh8 25. Bc4 Re8 26. Re2 a6 27. a4 Qd7 28. h4 Ne4 29. Rd1 Qc6 30. Bxe6 Nxc5 31. Bxc5 Qxc5 32. Rde1 Qd4 33. Qg3 Bxe6 34. Nxe6 Qf6 35. Qxg7+ Qxg7 36. Nxg7 Rxe2 37. Rxe2 Kxg7 38. Re7+ Kf6 39. Rxb7 Rg8 40. f4 Ke6 41. Rb6+ Kd5 42. h5 a5 43. Rxh6 Rb8 44. Rg6 Rxb2 45. h6 Rb8 46. h7 Rh8 47. Rh6 Ke4 48. Kxg2 Kxf4 49. Kf2 Kg5 50. Rh1 Kg6 51. Rg1+ Kxh7 52. Kf3 Re8 53. Kf4 Re4+ 54. Kxf5 Rxa4 55. Ke5 Ra2 56. Kd4 a4 57. Kc3 Kh6 58. Kb4 Kh5 59. Rg3 Kh4 60. Ra3 Rxa3 1/2-1/2

[Event "Nordic Chess-ch 2019"]
[Site "Sarpsborg"]
[Date "2019.06.25"]
[Round "7.28"]
[White "Pettersen, Morgan Buckholm"]
[Black "Hanebuth, Katja"]
[Result "1/2-1/2"]
[ECO "D58"]
[WhiteElo "1508"]
[BlackElo "1463"]
[Annotator "NA"]
[PlyCount "136"]
[EventDate "2019.06.21"]
[EventType "swiss"]
[EventCountry "NOR"]
[SourceTitle "playchess.com"]
[Source "ChessBase"]
[SourceQuality "1"]
[TimeControl "40/5400+30:1800+30"]

1. d4 Nf6 2. c4 e6 3. Nc3 d5 4. Nf3 b6 5. Bg5 Be7 6. e3 O-O 7. Be2 dxc4 8. Bxc4 h6 9. Bh4 Bb7 10. O-O Ba6 11. Bxa6 Nxa6 12. Qa4 Nb4 13. Bxf6 gxf6 14. Ne4 c6 15. a3 b5 16. Qd1 Nd5 17. Ng3 Kh8 18. Rc1 Qe8 19. Qd2 Kh7 20. e4 Nb6 21. Qf4 Rg8 22. Nh5 Rg6 23. Nh4 f5 24. Nxg6 Bg5 25. Qxg5 hxg5 26. Nf6+ Kxg6 27. Nxe8 Rxe8 28. exf5+ Kxf5 29. Rxc6 Nd5 30. Re1 Re7 31. Rc5 Rb7 32. Re5+ Kf6 33. g3 a5 34. Kg2 a4 35. Kf3 b4 36. Kg4 bxa3 37. bxa3 Rb3 38. Rexd5 exd5 39. Rxd5 Rxa3 40. Ra5 Ra2 41. Rf5+ Ke7 42. Kxg5 a3 43. h4 Rb2 44. Ra5 a2 45. Kg4 Rxf2 46. h5 Kf8 47. Kg5 Rb2 48. Kh6 Rg2 49. Ra8+ Ke7 50. Kh7 f5 51. h6 Kd6 52. Ra5 Rxg3 53. Rxa2 f4 54. Ra6+ Kd5 55. Rg6 Kxd4 56. Kg7 Ke3 57. h7 Kf2 58. h8=Q Rxg6+ 59. Kxg6 f3 60. Kf5 Kg2 61. Qa8 Kg3 62. Qg8+ Kh2 63. Kf4 f2 64. Qg3+ Kh1 65. Qh3+ Kg1 66. Qe3 Kg2 67. Qe2 Kg1 68. Qe3 Kg2 1/2-1/2

[Event "Nordic Chess-ch 2019"]
[Site "Sarpsborg"]
[Date "2019.06.25"]
[Round "7.29"]
[White "Eiding, Amanda Mai Irgens"]
[Black "Nordtug, Per Oistein"]
[Result "0-1"]
[ECO "B01"]
[WhiteElo "1655"]
[BlackElo "1456"]
[Annotator "NA"]
[PlyCount "90"]
[EventDate "2019.06.21"]
[EventType "swiss"]
[EventCountry "NOR"]
[SourceTitle "playchess.com"]
[Source "ChessBase"]
[SourceQuality "1"]
[TimeControl "40/5400+30:1800+30"]

1. e4 d5 2. exd5 Qxd5 3. Nc3 Qa5 4. d4 Nf6 5. Nf3 c6 6. Bd2 Bf5 7. Bc4 e6 8. Qe2 Bb4 9. O-O O-O 10. a3 Bd6 11. d5 Qc7 12. dxe6 fxe6 13. Bxe6+ Bxe6 14. Qxe6+ Kh8 15. Rfe1 Nbd7 16. h3 Rae8 17. Qc4 Ne5 18. Nxe5 Bxe5 19. Be3 b5 20. Qc5 a6 21. Qa7 Qxa7 22. Bxa7 Bxc3 23. bxc3 Ne4 24. Bd4 c5 25. Be3 Nxc3 26. Bxc5 Rxe1+ 27. Rxe1 Rc8 28. Bd4 Kg8 29. Re6 Kf7 30. Re3 Nd5 31. Rg3 g6 32. c3 Rc4 33. Rg5 Nxc3 34. Bc5 Ne4 35. Rd5 Nxc5 36. Kf1 a5 37. Ke2 Ke6 38. Rd2 b4 39. axb4 axb4 40. Rb2 Kd5 41. Rd2+ Rd4 42. Ra2 b3 43. Ra8 Kc4 44. Rb8 Kc3 45. Rc8 Rd5 0-1

[Event "Nordic Chess-ch 2019"]
[Site "Sarpsborg"]
[Date "2019.06.25"]
[Round "7.30"]
[White "Strand, Vetle Bjorge"]
[Black "Tenold, Andreas"]
[Result "1/2-1/2"]
[ECO "D38"]
[WhiteElo "1609"]
[BlackElo "1959"]
[Annotator "NA"]
[PlyCount "47"]
[EventDate "2019.06.21"]
[EventType "swiss"]
[EventCountry "NOR"]
[SourceTitle "playchess.com"]
[Source "ChessBase"]
[SourceQuality "1"]
[TimeControl "40/5400+30:1800+30"]

1. d4 Nf6 2. c4 e6 3. Nc3 Bb4 4. Nf3 O-O 5. Bg5 h6 6. Bh4 b6 7. e3 Bb7 8. Be2 d5 9. Ne5 dxc4 10. O-O Bxc3 11. bxc3 b5 12. Bf3 c6 13. a4 Qe7 14. Ng4 Nbd7 15. axb5 Rfc8 16. bxc6 Bxc6 17. Bxc6 Rxc6 18. Ne5 Rcc8 19. Nxd7 Qxd7 20. Bxf6 gxf6 21. Ra6 Qb7 22. Ra3 Qe4 23. Qf3 Qxf3 24. gxf3 1/2-1/2

[Event "Nordic Chess-ch 2019"]
[Site "Sarpsborg"]
[Date "2019.06.25"]
[Round "7.31"]
[White "Ulrichsen, Jarl H"]
[Black "Store, Trond"]
[Result "1/2-1/2"]
[ECO "D02"]
[WhiteElo "2180"]
[BlackElo "2100"]
[Annotator "NA"]
[PlyCount "54"]
[EventDate "2019.06.21"]
[EventType "swiss"]
[EventCountry "NOR"]
[SourceTitle "playchess.com"]
[Source "ChessBase"]
[SourceQuality "1"]
[TimeControl "40/5400+30:1800+30"]

1. d4 Nf6 2. Nf3 d5 3. Bf4 c6 4. c3 Bf5 5. e3 e6 6. Be2 h6 7. h3 Be7 8. Nbd2 O-O 9. O-O Nbd7 10. Ne5 Nxe5 11. Bxe5 Ne4 12. Nxe4 Bxe4 13. Qb3 Qb6 14. Qxb6 axb6 15. Bc7 b5 16. a3 Bc2 17. Rfe1 Rfc8 18. Bg3 Re8 19. Rac1 Bg6 20. Bf1 Bf8 21. f3 f6 22. e4 Rad8 23. e5 Rc8 24. Bf4 Kf7 25. Kf2 Bh7 26. Bd2 fxe5 27. Rxe5 Bd6 1/2-1/2

[Event "Nordic Chess-ch 2019"]
[Site "Sarpsborg"]
[Date "2019.06.25"]
[Round "7.32"]
[White "Eriksson, Kristian"]
[Black "Holst, Conny"]
[Result "1/2-1/2"]
[ECO "B75"]
[WhiteElo "2111"]
[BlackElo "2197"]
[Annotator "NA"]
[PlyCount "31"]
[EventDate "2019.06.21"]
[EventType "swiss"]
[EventCountry "NOR"]
[SourceTitle "playchess.com"]
[Source "ChessBase"]
[SourceQuality "1"]
[TimeControl "40/5400+30:1800+30"]

1. e4 c5 2. Nf3 d6 3. d4 cxd4 4. Nxd4 Nf6 5. Nc3 Nc6 6. Bc4 Bd7 7. Bb3 g6 8. f3 Bg7 9. Be3 Rc8 10. Qd2 Ne5 11. O-O-O Nc4 12. Bxc4 Rxc4 13. Kb1 Qa5 14. Nb3 Qc7 15. Bd4 Bc6 16. g4 1/2-1/2

[Event "Nordic Chess-ch 2019"]
[Site "Sarpsborg"]
[Date "2019.06.25"]
[Round "7.33"]
[White "Dogani, Avduraim"]
[Black "Hauge, Tor Arne"]
[Result "1-0"]
[ECO "B21"]
[WhiteElo "2107"]
[BlackElo "2022"]
[Annotator "NA"]
[PlyCount "105"]
[EventDate "2019.06.21"]
[EventType "swiss"]
[EventCountry "NOR"]
[SourceTitle "playchess.com"]
[Source "ChessBase"]
[SourceQuality "1"]
[TimeControl "40/5400+30:1800+30"]

1. e4 d5 2. e5 c5 3. f4 Nc6 4. Nf3 Bg4 5. c3 e6 6. Na3 Bxf3 7. Qxf3 a6 8. Be2 Nh6 9. Nc2 Be7 10. Ne3 O-O 11. Qh3 d4 12. Nd1 Bh4+ 13. g3 Be7 14. Nf2 Nf5 15. Bd3 f6 16. g4 Nh6 17. exf6 Bxf6 18. g5 Bxg5 19. fxg5 Qxg5 20. Qg3 Qh5 21. Be4 Ne5 22. Qh3 Nf3+ 23. Bxf3 Qxh3 24. Nxh3 Rxf3 25. Ng5 Rd3 26. cxd4 Rxd4 27. Kd1 Ng4 28. Kc2 Re8 29. b3 Nf2 30. Re1 e5 31. Re2 Nd3 32. a3 e4 33. Bb2 Nxb2 34. Kxb2 h6 35. Nf3 Rd3 36. Ne1 Rh3 37. Nc2 g5 38. Rae1 Kf7 39. Rf1+ Kg6 40. Ref2 Re6 41. Ne3 h5 42. Rg1 Re5 43. Rgf1 Re6 44. a4 b5 45. Kc2 g4 46. Nd5 Rf3 47. Nf4+ Kf5 48. Nxe6 Kxe6 49. axb5 axb5 50. Rxf3 exf3 51. Kd3 Ke5 52. Ke3 h4 53. h3 1-0